 Dungeon Crawl Stone Soup version 0.22.1 (webtiles) character file.

874 Fang the Chopper (level 8, 0/50 HPs)
             Began as a Gargoyle Berserker on Sept 18, 2018.
             Was an Elder of Trog.
             Killed from afar by an electric eel (2 damage)
             ... with a bolt of electricity
             ... on level 5 of the Dungeon.
             The game lasted 00:06:43 (6125 turns).

Fang the Chopper (Gargoyle Berserker)               Turns: 6125, Time: 00:06:44

Health: 0/50       AC:  7    Str: 23    XL:     8   Next: 4%
Magic:  8/8        EV: 13    Int:  8    God:    Trog [****..]
Gold:   279        SH:  0    Dex: 12    Spells: 7/7 levels left

rFire    . . .     SeeInvis .   a - +0 hand axe
rCold    + . .     Gourm    .   (no shield)
rNeg     + . .     Faith    .   b - +0 animal skin
rPois    ∞         Spirit   .   (no helmet)
rElec    +         Reflect  .   (no cloak)
rCorr    .         Harm     .   (no gloves)
MR       .....                  (no boots)
Stlth    ++........             (no amulet)
HPRegen  0.16/turn              m - ring of protection from cold
MPRegen  0.11/turn              w - +3 ring of dexterity

@: no status effects
A: negative energy resistance 1, electricity resistance, unbreathing,
petrification resistance, rot immunity, AC +5
a: Berserk, Trog's Hand, Brothers in Arms, Renounce Religion


You were on level 5 of the Dungeon.
You worshipped Trog.
Trog was greatly pleased with you.
You were not hungry.

You visited 1 branch of the dungeon, and saw 5 of its levels.
You also visited: Sewer.

You collected 279 gold pieces.

Inventory:

Hand Weapons
 a - a +0 hand axe (weapon)
Armour
 b - a +0 animal skin (worn)
Jewellery
 m - a ring of protection from cold (left hand)
 w - a +3 ring of dexterity (right hand)
 y - an uncursed ring of stealth
Wands
 k - a wand of enslavement (14)
 z - a wand of flame (56)
Scrolls
 f - a scroll of teleportation
 j - a scroll of fear
 q - a scroll of remove curse
 t - a scroll of blinking
 v - a scroll of magic mapping
 x - 2 scrolls of identify
Potions
 d - 5 potions of flight {unknown}
 e - a potion of experience {unknown}
 g - 2 potions of agility
 h - a potion of lignification
 i - a potion of brilliance
 l - 5 potions of curing
 n - a potion of haste
 o - 2 potions of heal wounds {unknown}
 p - 2 potions of invisibility {unknown}
 r - 4 potions of might {unknown}
 s - a potion of magic {unknown}
 u - a potion of berserk rage {unknown}
Comestibles
 c - 7 rations


   Skills:
 + Level 5.4 Fighting
 + Level 6.3 Axes
 + Level 2.3 Armour
 + Level 3.8 Dodging
 + Level 1.6 Stealth


You had 7 spell levels left.
You didn't know any spells.
Your spell library was empty.

Dungeon Overview and Level Annotations

Branches:
Dungeon (5/15)
 Temple: D:4-7

Altars:
Ashenzari
Dithmenos
Elyvilon
Fedhas
Hepliaklqana
Ru
Sif Muna
Trog
Vehumet
Wu Jian
Zin

Annotations:
D:5 1 transporter


Innate Abilities, Weirdness & Mutations

You are resistant to torment.
Your stone body is resilient. (AC +5)
You are immune to poison.
You resist negative energy. (rN+)
You are resistant to electric shocks. (rElec)
You can survive without breathing.
You are immune to petrification.
You are immune to rotting.


Message History

The electric eel shoots out a bolt of lightning at you!
The bolt of electricity hits you! You resist.
The electric eel shoots out a bolt of lightning at you!
The bolt of electricity hits you! You resist.
* * * LOW HITPOINT WARNING * * *
The electric eel shoots out a bolt of lightning at you!
The bolt of electricity hits you! You resist.
* * * LOW HITPOINT WARNING * * *
You open the door.
The electric eel shoots out a bolt of lightning at you!
The bolt of electricity hits you! You resist.
* * * LOW HITPOINT WARNING * * *
The electric eel shoots out a bolt of lightning at you!
The bolt of electricity hits you! You resist.
* * * LOW HITPOINT WARNING * * *
The bolt of electricity hits you! You resist.
* * * LOW HITPOINT WARNING * * *
The electric eel shoots out a bolt of lightning at you!
The bolt of electricity hits you! You resist.
You die...

#.(.......# #.## #.#######.#
#.# #(# #.# #.#
########.#######.##### #.#
.......).............# #.#
.....###############.# #.#
####.#8P#≈≈;≈≈;≈#P8#.## #.#
###..#..#.......#..#..## #.#
....©#©.'...⌠...@[©#©..###.#
###..#..#.......#..#.......#
####.#8P#≈;≈≈≈≈≈#P8#.#####.#
.....###############.# #.#
#..#.................# #.#
#..#..............##.# #.#
#..###...#..#.#.#.##.#####.#
#..# #....#................#
### #..#
##..#.##.###.##.##########..


You could see 3 electric eels.

Vanquished Creatures
  A centaur (D:5)
  A big kobold (Sewer)
  A bullfrog (D:5)
  A wyvern zombie (D:5)
  A howler monkey (D:5)
  A centaur zombie (D:5)
  A crimson imp (D:5)
  3 hounds
  An orc priest (D:5)
  2 orc wizards
  Crazy Yiuf (D:3)
  2 worker ants (D:5)
  A worker ant zombie (D:5)
  A gnoll (D:4)
  7 adders
  3 river rats (Sewer)
  A shadow imp (D:5)
  2 oozes (D:3)
  A worm (D:3)
  A dart slug (D:1)
  2 leopard geckos (D:2)
  8 orcs
  10 ball pythons
  4 giant cockroaches
  8 goblins
  2 hobgoblins
  5 jackals
  23 kobolds
  A quokka (D:2)
  6 bats
  6 frilled lizards
  A jackal skeleton (D:4)
  29 rats
138 creatures vanquished.

Notes
Turn   | Place    | Note
-------+----------+-------------------------------------------
     0 | D:1      | Fang the Gargoyle Berserker began the quest for the Orb.
     0 | D:1      | Reached XP level 1. HP: 14/14 MP: 1/1
   116 | D:1      | Reached XP level 2. HP: 14/19 MP: 2/2
   181 | D:1      | Reached skill level 3 in Axes
   685 | D:1      | Reached XP level 3. HP: 24/24 MP: 3/3
   941 | D:2      | Reached ** piety under Trog
  1115 | D:2      | Found a bloodstained altar of Trog.
  1474 | D:3      | Reached XP level 4. HP: 29/29 MP: 4/4
  1608 | D:3      | Found a radiant altar of Vehumet.
  1676 | D:3      | Found a runed door.
  1961 | D:3      | Found a glowing silver altar of Zin.
  2246 | D:3      | Noticed Crazy Yiuf
  2253 | D:3      | Killed Crazy Yiuf
  2253 | D:3      | Reached skill level 4 in Axes
  2253 | D:3      | Reached XP level 5. HP: 33/33 MP: 5/5
  2374 | D:4      | Found an ornate altar of the Wu Jian Council.
  2375 | D:4      | Found a blossoming altar of Fedhas.
  2375 | D:4      | Found a shattered altar of Ashenzari.
  2376 | D:4      | Found a white marble altar of Elyvilon.
  2638 | D:4      | Found a glowing drain.
  2665 | Sewer    | Entered a sewer
  2938 | Sewer    | Noticed a big kobold
  2942 | Sewer    | Reached *** piety under Trog
  2949 | Sewer    | Killed a big kobold
  2949 | Sewer    | Reached XP level 6. HP: 39/39 MP: 6/6
  3044 | Sewer    | Reached skill level 5 in Axes
  3638 | Sewer    | Reached skill level 1 in Stealth
  3908 | Sewer    | Reached **** piety under Trog
  4621 | D:4      | Found a deep blue altar of Sif Muna.
  4937 | D:5      | Entered Level 5 of the Dungeon
  4961 | D:5      | Found a transporter.
  4970 | D:5      | Reached XP level 7. HP: 41/44 MP: 7/7
  5242 | D:5      | Reached skill level 5 in Fighting
  5243 | D:5      | Found a transporter.
  5275 | D:5      | Found a hazy altar of Hepliaklqana.
  5387 | D:5      | Reached skill level 6 in Axes
  5578 | D:5      | Found a radiant altar of Vehumet.
  5985 | D:5      | Found a shadowy altar of Dithmenos.
  5986 | D:5      | Found a sacrificial altar of Ru.
  6063 | D:5      | Reached XP level 8. HP: 49/50 MP: 8/8
  6125 | D:5      | HP: 2/50 [electric eel/bolt of electricity (3)]
  6125 | D:5      | Killed from afar by an electric eel

Skill      XL: |  1  2  3  4  5  6  7 |
---------------+----------------------+-----
Axes           | 3 4 5 6 |  6.3
Fighting       | 4 5 |  5.4
Dodging        | 2 3 |  3.8
Stealth        | 1 |  1.6
Armour         | |  2.3

Action                   |  1- 3 |  4- 6 |  7- 9 || total
-------------------------+-------+-------+-------++-------
Melee: Hand axe          |   134 |   244 |   108 ||   486
Invok: Berserk           |       |     5 |     1 ||     6
  Use: Scroll            |       |    10 |     2 ||    12
  Eat: Chunk             |     1 |    15 |       ||    16
       Ration            |       |       |     2 ||     2
Armor: Animal skin       |    56 |   127 |    25 ||   208
Dodge: Dodged            |   111 |   204 |    77 ||   392
